 Dungeon Crawl Stone Soup version 0.31-a0-152-g6aa68a64a1 (webtiles) character file.

Game seed: 9436521633852884270

12401 mdonais the Zephyrmancer (level 11, -4/77 HPs)
             Began as an Octopode Brigand on June 7, 2023.
             Was a Priest of the Shining One.
             Slain by a skeletal warrior
             ... wielding a +0 battleaxe
              (23 damage)
             ... on level 11 of the Dungeon on June 10, 2023.
             The game lasted 00:39:38 (11773 turns).

mdonais the Zephyrmancer (Octopode Brigand)        Turns: 11773, Time: 00:39:39

Health: -4/77      AC:  1    Str: 18    XL:     11   Next: 92%
Magic:  37/38      EV: 14    Int: 23    God:    the Shining One [***...]
Gold:   772        SH:  8    Dex: 13    Spells: 9/23 levels left

rFire   + . .        b - staff of air
rCold   . . .        d - +3 warlock's mirror {omnireflect}
rNeg    + + .        (helmet restricted)
rPois   .            j - amulet of magic regeneration
rElec   +            s - ring of see invisible
rCorr   .            m - +6 ring of strength
SInv    +            f - ring of protection from fire
Will    +....        n - ring of positive energy
Stlth   ++           u - ring of magical power
HPRegen 0.32/turn    R - ring of magical power
MPRegen 0.66/turn    E - +6 ring of intelligence
                     K - ring of willpower

%: reflection
@: about to teleport, glowing
A: almost no armour, amphibious, 8 rings, camouflage 1, gelatinous body 1,
(nimble swimmer 1), tentacles
a: Renounce Religion, Divine Shield, Cleansing Flame


You were on level 11 of the Dungeon.
You worshipped the Shining One.
The Shining One was most pleased with you.
You visited 2 branches of the dungeon, and saw 12 of its levels.
You also visited: Bailey.

You collected 947 gold pieces.
You spent 175 gold pieces at shops.

Inventory:

Hand Weapons
 a - a +4 short sword of freezing
   (You took it off a wight on level 4 of the Dungeon)
 y - a +2 dagger of venom
   (You took it off an orc wizard on level 5 of the Dungeon)
 A - a +3 dagger of flaming
   (You found it on level 2 of the Dungeon)
Missiles
 i - 31 poisoned darts
 t - 19 boomerangs
 x - a silver javelin
 F - 9 curare-tipped darts (quivered)
 G - 4 datura-tipped darts
 J - 4 atropa-tipped darts
Armour
 d - the +3 warlock's mirror (worn) {omnireflect}
   (You acquired it on level 5 of the Dungeon)

   Omnireflect: It can block and reflect piercing ranged attacks and magical
   attacks against the wielder's willpower.
Magical Staves
 b - a staff of air (weapon)
   (You found it on level 5 of the Dungeon)
Jewellery
 f - a ring of protection from fire (on tentacle)
   (You found it on level 2 of the Dungeon)
 j - an amulet of magic regeneration (around mantle)
   (You found it on level 2 of the Dungeon)
 m - a +6 ring of strength (right tentacle)
   (You found it on level 3 of the Dungeon)
 n - a ring of positive energy (on tentacle)
   (You found it on level 3 of the Dungeon)
 s - a ring of see invisible (left tentacle)
   (You found it on level 1 of the Dungeon)
 u - a ring of magical power (on tentacle)
   (You found it on level 4 of the Dungeon)
 B - an amulet of the acrobat
   (You found it on level 6 of the Dungeon)
 C - a ring of flight
   (You found it on level 6 of the Dungeon)
 E - a +6 ring of intelligence (on tentacle)
   (You found it on level 9 of the Dungeon)
 K - a ring of willpower (on tentacle)
   (You found it on level 7 of the Dungeon)
 R - a ring of magical power (on tentacle)
   (You found it on level 7 of the Dungeon)
Wands
 D - a wand of digging (6)
   (You found it on level 11 of the Dungeon)
 L - a wand of roots (7)
   (You found it on level 10 of the Dungeon)
 N - a wand of mindburst (8)
   (You found it on level 10 of the Dungeon)
 P - a wand of paralysis (5)
   (You found it on level 9 of the Dungeon)
 V - a wand of flame (1)
   (You took it off a crimson imp on level 10 of the Dungeon)
Scrolls
 c - 3 scrolls of fear
 h - a scroll of enchant armour
 k - a scroll of summoning
 p - a scroll of immolation
 r - a scroll of brand weapon
 v - a scroll of vulnerability {unknown}
 M - a scroll of magic mapping
 O - a scroll of enchant weapon {unknown}
 S - a scroll of fog
 T - 3 scrolls of teleportation
Potions
 e - 4 potions of brilliance {unknown}
 g - a potion of cancellation
 l - a potion of mutation
 o - a potion of attraction
 q - 3 potions of enlightenment
 w - 2 potions of resistance
 z - 2 potions of lignification
 H - a potion of might {unknown}
 I - 3 potions of heal wounds {unknown}
 Q - 4 potions of curing


   Skills:
 - Level 8.0 Fighting
 - Level 4.0 Short Blades
 - Level 5.0 Throwing
 - Level 4.0 Dodging
 - Level 5.3 Stealth
 - Level 5.0 Shields
 + Level 6.5 Spellcasting
 - Level 2.0 Conjurations
 - Level 6.0 Summonings
 - Level 10.0 Air Magic
 - Level 3.0 Invocations
 - Level 4.0 Evocations


You had 9 spell levels left.
You knew the following spells:

 Your Spells              Type           Power      Damage    Failure   Level
a - Airstrike             Air            34%        2d(5-21)  1%          4
b - Shock                 Conj/Air       100%       1d9       1%          1
c - Static Discharge      Conj/Air       100%       2-7/arc   1%          2
d - Summon Lightning Spi  Summ/Air       60%        N/A       3%          4
e - Swiftness             Air            69%        N/A       1%          3

Your spell library contained the following spells:

 Spells                   Type           Power      Damage    Failure   Level
 Poisonous Vapours        Pois/Air       90%        N/A       1%          2
 Summon Guardian Golem    Hex/Summ       21%        N/A       9%          3
 Sting                    Tmut/Pois      28%        1d4       10%         1
 Summon Ice Beast         Ice/Summ       21%        N/A       28%         4
 Frozen Ramparts          Ice            14%        1d3       30%         3
 Ice Form                 Ice/Tmut       7%         N/A       69%         4
 Olgreb's Toxic Radiance  Pois           7%         N/A       69%         4
 Orb of Destruction       Conj           8%         9d6       100%        7
 Spellforged Servitor     Conj/Summ      12%        N/A       100%        7


Dungeon Overview and Level Annotations

Branches:
Dungeon (11/15) Zot: 25766  Temple (1/1) D:5 Zot: 5980    Lair (0/5) D:11
 Bailey (visited)
    Orc: D:9-12

Altars:
Ashenzari
Cheibriados
Dithmenos
Elyvilon
Gozag
Hepliaklqana
Makhleb
Nemelex Xobeh
Okawaru
Ru
Sif Muna
Trog
Uskayaw
Vehumet
Wu Jian
Xom
Yredelemnul
The Shining One

Shops:
D:1 ?

Annotations:
D:9 2 exclusions


Innate Abilities, Weirdness & Mutations

You cannot wear most types of armour.
You are amphibious.
You can wear up to eight rings at the same time.
Your skin changes colour to match your surroundings (Stealth+).
Your rubbery body absorbs attacks. (AC +1, EV +1)
((You are camouflaged when in or above water. (Stealth+)))
You have tentacles for arms and can constrict up to eight enemies at once.


Message History

a +0 shortbow; a centaur corpse MP restored: 38
Casting: Airstrike (dangerous; 1% risk of failure)
Confirm with . or Enter, or press ? or * to list all spells.
Aiming: Airstrike (dangerous; 1% risk of failure)
Press: ? - help, Dir - move target, f - skeletal warrior
Aim: a skeletal warrior, wielding a +0 short sword (empty space bonus: 8/8)
You feel a surge of power!
The air twists around and strikes the skeletal warrior.
The skeletal warrior is lightly damaged.
You now have 35/38 mp.
Casting: Airstrike (dangerous; 1% risk of failure)
Confirm with . or Enter, or press ? or * to list all spells.
Aiming: Airstrike (dangerous; 1% risk of failure)
Press: ? - help, Dir - move target, f/p - skeletal warrior
Aim: a skeletal warrior, wielding a +0 short sword (lightly damaged, empty space bonus: 6/8)
You feel a surge of power!
The air twists around and strikes the skeletal warrior.
The skeletal warrior is lightly damaged.
You now have 31/38 mp.
Casting: Airstrike (dangerous; 1% risk of failure)
Confirm with . or Enter, or press ? or * to list all spells.
Aiming: Airstrike (dangerous; 1% risk of failure)
Press: ? - help, Dir - move target, f/p - skeletal warrior
Aim: a skeletal warrior, wielding a +0 short sword (lightly damaged, haloed, empty space bonus: 5/8)
You feel a surge of power!
The air twists around and strikes the skeletal warrior!
The skeletal warrior is moderately damaged.
You now have 28/38 mp.
Things that are here:
a +0 shortbow; a centaur corpse Unknown command.
MP restored: 38
There is a stone staircase leading up here.
You see here an acid dragon skeleton.
You enter the shallow water.
Casting: Airstrike (dangerous; 1% risk of failure)
Confirm with . or Enter, or press ? or * to list all spells.
Aiming: Airstrike (dangerous; 1% risk of failure)
Press: ? - help, Dir - move target, f/p - skeletal warrior
Aim: a skeletal warrior, wielding a +0 short sword (lightly damaged, empty space bonus: 8/8)
You feel a surge of power!
The air twists around and strikes the skeletal warrior!
The skeletal warrior is moderately damaged.
You now have 35/38 mp.
Casting: Airstrike (dangerous; 1% risk of failure)
Confirm with . or Enter, or press ? or * to list all spells.
Aiming: Airstrike (dangerous; 1% risk of failure)
Press: ? - help, Dir - move target, f/p - skeletal warrior
Aim: a skeletal warrior, wielding a +0 short sword (moderately damaged, empty space bonus: 8/8)
You feel a surge of power!
The air twists around and strikes the skeletal warrior!!
The skeletal warrior is heavily damaged.
You now have 31/38 mp.
Casting: Airstrike (dangerous; 1% risk of failure)
Confirm with . or Enter, or press ? or * to list all spells.
Aiming: Airstrike (dangerous; 1% risk of failure)
Press: ? - help, Dir - move target, f/p - skeletal warrior
Aim: a skeletal warrior, wielding a +0 short sword (heavily damaged, empty space bonus: 8/8)
You feel a surge of power!
The air twists around and strikes the skeletal warrior!
The skeletal warrior is severely damaged.
You now have 28/38 mp.
Casting: Airstrike (dangerous; 1% risk of failure)
Confirm with . or Enter, or press ? or * to list all spells.
Aiming: Airstrike (dangerous; 1% risk of failure)
Press: ? - help, Dir - move target, f/p - skeletal warrior
Aim: a skeletal warrior, wielding a +0 short sword (severely damaged, haloed, empty space bonus: 8/8)
You feel a surge of power!
The air twists around and strikes the skeletal warrior!
The skeletal warrior is severely damaged.
You now have 25/38 mp.
Casting: Airstrike (dangerous; 1% risk of failure)
Confirm with . or Enter, or press ? or * to list all spells.
Aiming: Airstrike (dangerous; 1% risk of failure)
Press: ? - help, Dir - move target, f/p - skeletal warrior
Aim: a skeletal warrior, wielding a +0 short sword (severely damaged, haloed, empty space bonus: 8/8)
You feel a surge of power!
The air twists around and strikes the skeletal warrior.
The skeletal warrior is severely damaged.
You now have 21/38 mp.
Casting: Airstrike (dangerous; 1% risk of failure)
Confirm with . or Enter, or press ? or * to list all spells.
Aiming: Airstrike (dangerous; 1% risk of failure)
Press: ? - help, Dir - move target, f/p - skeletal warrior
Aim: a skeletal warrior, wielding a +0 short sword (severely damaged, haloed, empty space bonus: 8/8)
You feel a surge of power!
The air twists around and strikes the skeletal warrior!!
You destroy the skeletal warrior!
The Shining One accepts your kill.
You feel your power returning.
Training target 2.0 for Conjurations reached!
Your Conjurations skill increases to level 2!
Found 6 stones.
MP restored: 38 You see here 6 stones.
You enter the shallow water.
You enter the deep water.
You enter the shallow water.
A skeletal warrior is nearby!
Casting: Airstrike (dangerous; 1% risk of failure)
Confirm with . or Enter, or press ? or * to list all spells.
Aiming: Airstrike (dangerous; 1% risk of failure)
Press: ? - help, Dir - move target, f - skeletal warrior
Aim: a skeletal warrior, wielding a +0 battleaxe (wandering, hasn't noticed you, empty space bonus: 3/8)
You feel a surge of power!
The air twists around and strikes the skeletal warrior but does no damage.
You now have 34/38 mp.
MP restored: 38
Casting: Airstrike (dangerous; 1% risk of failure)
Confirm with . or Enter, or press ? or * to list all spells.
Aiming: Airstrike (dangerous; 1% risk of failure)
Press: ? - help, Dir - move target, f/p - skeletal warrior
Aim: a skeletal warrior, wielding a +0 battleaxe (empty space bonus: 3/8)
You feel a surge of power!
The air twists around and strikes the skeletal warrior!
The skeletal warrior is lightly damaged.
You now have 34/38 mp.
MP restored: 38 The wolf howls!
Casting: Airstrike (dangerous; 1% risk of failure)
Confirm with . or Enter, or press ? or * to list all spells.
Aiming: Airstrike (dangerous; 1% risk of failure)
Press: ? - help, Dir - move target, f/p - skeletal warrior
Aim: a skeletal warrior, wielding a +0 battleaxe (lightly damaged, haloed, empty space bonus: 5/8)
You feel a surge of power!
The air twists around and strikes the skeletal warrior but does no damage.
The wolf misses you.
You now have 34/38 mp.
You barely miss the wolf. You grab the wolf. You constrict the wolf.
The wolf bites you. The wolf bites you!
You take 12 damage, and have 65/77 hp.
You hit the wolf but do no damage.
The wolf is lightly wounded.
You constrict the wolf. The wolf closely misses you.
The wolf barely misses you.
The skeletal warrior hits you with a +0 battleaxe!!
You take 19 damage, and have 46/77 hp.
MASSIVE DAMAGE!!
You hit the wolf but do no damage.
The wolf is electrocuted!
You squeeze the wolf.
The wolf is almost dead.
You constrict the wolf!
You kill the wolf!
The skeletal warrior hits you with a +0 battleaxe!!
* * * LOW HITPOINT WARNING * * *
You take 28 damage, and have 18/77 hp.
MASSIVE DAMAGE!!
As you read the scroll of teleportation, it crumbles to dust.
You feel strangely unstable.
The skeletal warrior hits you with a +0 battleaxe!!
You die...

#..............###............
#.#.#...####....#.......##....
####.......#####.....#.#.#.##....
.....#.##..............#.#.##..##
###...<......###.###.....#.##..#
###..###.#.# #...............#
..##.# #...# #.###........#..#
.....# ##z.###z# #.....#.....##
#.z..# #...##@# #.....#.##(...
#....# #.#.##<#########.######
.....# ##.#)##....)..# #.# #
...##..##.#..##÷#####.# #.# #
..###.....###.##.## #.###.######
#...###..#.###..####........... .
#.#.## #..........~~~~~~.
.########.#.# #..~.....†~~≈≈≈≈~.
..........#.# #....~).≈~≈≈~≈≈≈≈~


You could see a skeletal warrior.

Vanquished Creatures
  A boulder beetle (D:9)
  2 two-headed ogres
  A skeletal warrior (D:11)
  An ugly thing (D:8)
  A cyclops (D:11)
  A gargoyle (D:11)
  3 trolls (D:11)
  Sigmund (D:4)
  3 wyverns
  Grum (D:11)
  10 yaks (D:9)
  A vampire (D:10)
  Eustachio (D:4)
  4 vampire mosquitoes (D:11)
  Menkaure (D:6)
  A steam dragon (D:7)
  3 acid dragons
  Duvessa (D:6)
  6 orc warriors
  2 sky beasts
  2 ogres
  5 wolves (D:11)
  8 centaurs
  4 kobold brigands
  Blork the orc (D:5)
  A phantom (D:5)
  2 gnoll sergeants
  2 scorpions
  3 bullfrogs
  9 wights
  Dowan (D:6)
  3 killer bees (D:9)
  4 howler monkeys
  4 electric eels (D:11)
  A crimson imp (D:10)
  A jelly (D:4)
  A gnoll bouda (D:6)
  7 hounds
  2 orc priests
  2 iguanas
  Jessica (D:3)
  Natasha (twice) (D:2)
  7 orc wizards
  10 gnolls
  9 adders
  A shadow imp (D:8)
  An ufetubus (D:6)
  3 worms
  2 dart slugs
  21 orcs
  10 ball pythons
  6 bats
  6 endoplasms
  4 giant cockroaches
  4 goblins
  3 hobgoblins
  3 jackals (D:1)
  22 kobolds
  2 quokkas
  3 frilled lizards
  2 rats (D:1)
230 creatures vanquished.

Vanquished Creatures (others)
  2 kobold brigands (Bailey)
2 creatures vanquished.

Grand Total: 232 creatures vanquished

Notes
Turn   | Place    | Note
-------+----------+-------------------------------------------
     0 | D:1      | mdonais the Octopode Brigand began the quest for the Orb.
     0 | D:1      | Reached XP level 1. HP: 14/14 MP: 1/1
    42 | D:1      | Reached XP level 2. HP: 19/19 MP: 2/2
   134 | D:1      | Reached XP level 3. HP: 25/25 MP: 3/3
   222 | D:1      | Found Xiommiez's Magic Scroll Boutique.
   515 | D:1      | Found a faded altar of an unknown god.
   521 | D:1      | Prayed at the altar of an unknown god.
   521 | D:1      | Became a worshipper of the Shining One
   521 | D:1      | Reached * piety under the Shining One
   855 | D:2      | Found a sacrificial altar of Ru.
   955 | D:2      | Noticed Natasha
   963 | D:2      | Killed Natasha
   964 | D:2      | Reached XP level 4. HP: 20/31 MP: 4/4
  1125 | D:2      | Noticed Natasha
  1126 | D:2      | Identified a scroll of acquirement
  1133 | D:2      | Killed Natasha
  1134 | D:2      | Reached skill level 1 in Invocations
  1307 | D:3      | Found an opulent altar of Gozag.
  1527 | D:3      | Reached XP level 5. HP: 36/36 MP: 6/6
  1532 | D:3      | Noticed Jessica
  1532 | D:3      | Reached ** piety under the Shining One
  1782 | D:3      | Killed Jessica
  1880 | D:1      | Bought a scroll of teleportation for 42 gold pieces
  2188 | D:4      | Noticed an ogre
  2194 | D:4      | Killed an ogre
  2195 | D:4      | Reached XP level 6. HP: 44/44 MP: 6/8
  2265 | D:4      | Noticed Sigmund
  2270 | D:4      | Killed Sigmund
  2271 | D:4      | Reached skill level 5 in Fighting
  2271 | D:4      | Reached XP level 7. HP: 39/51 MP: 9/9
  2353 | D:4      | Noticed Eustachio
  2365 | D:4      | Killed Eustachio
  2777 | D:4      | Reached XP level 8. HP: 58/58 MP: 10/10
  3063 | D:5      | Entered Level 5 of the Dungeon
  3063 | D:5      | Found a staircase to the Ecumenical Temple.
  3070 | D:5      | Noticed Blork the orc
  3081 | D:5      | Killed Blork the orc
  3102 | Temple   | Entered the Ecumenical Temple
  3157 | D:5      | Found a bloodstained altar of Trog.
  4248 | D:5      | Reached skill level 5 in Throwing
  4325 | D:5      | Acquired the +3 warlock's mirror {omnireflect}
  4325 | D:5      | Found the +3 warlock's mirror {omnireflect}
  4412 | D:6      | Reached skill level 1 in Shields
  4412 | D:6      | Noticed Dowan
  4413 | D:6      | Noticed Duvessa
  4490 | D:6      | Killed Dowan
  4523 | D:6      | Killed Duvessa
  4688 | D:6      | Noticed Menkaure
  4701 | D:6      | Killed Menkaure
  4702 | D:6      | Reached XP level 9. HP: 41/65 MP: 11/11
  4707 | D:6      | Learned a level 4 spell: Airstrike
  4709 | D:6      | Learned a level 1 spell: Shock
  5602 | D:6      | Reached skill level 5 in Shields
  6070 | D:7      | Reached skill level 1 in Spellcasting
  6070 | D:7      | Reached skill level 1 in Air Magic
  6446 | D:7      | Reached skill level 2 in Air Magic
  6891 | D:8      | Reached skill level 3 in Air Magic
  7103 | D:8      | Upgraded the game from 0.31-a0-149-g3fdcc5976a to
                  | 0.31-a0-152-g6aa68a64a1
  7164 | D:8      | You are sucked into a shaft and drop 2 floors!
  7164 | D:10     | Entered Level 10 of the Dungeon
  7216 | D:9      | Reached skill level 4 in Air Magic
  7222 | D:9      | Reached skill level 5 in Air Magic
  7280 | D:9      | Reached XP level 10. HP: 56/72 MP: 15/15
  7309 | D:9      | Reached skill level 6 in Air Magic
  7460 | D:8      | Found a flagged portal.
  7469 | Bailey   | Entered a bailey
  7771 | Bailey   | Reached skill level 7 in Air Magic
  7775 | Bailey   | Learned a level 3 spell: Swiftness
  7894 | Bailey   | Found a burning altar of Makhleb.
  8111 | D:8      | Found a shadowy altar of Dithmenos.
  8258 | D:8      | Noticed a red ugly thing
  8266 | D:8      | Killed a white ugly thing
  8399 | D:8      | Reached skill level 5 in Spellcasting
  8736 | D:1      | Bought a scroll of magic mapping for 105 gold pieces
  8736 | D:1      | Bought a scroll of identify for 28 gold pieces
  9003 | D:9      | Noticed a boulder beetle
  9025 | D:9      | Killed a boulder beetle
  9026 | D:9      | Reached skill level 8 in Air Magic
  9289 | D:9      | Reached XP level 11. HP: 32/77 MP: 10/20
  9293 | D:9      | Reached skill level 9 in Air Magic
  9302 | D:9      | HP: 2/77 [wyvern (19)]
  9872 | D:9      | Reached skill level 1 in Evocations
 10089 | D:10     | Found a burning altar of Makhleb.
 10089 | D:10     | Found a radiant altar of Vehumet.
 10114 | D:10     | Noticed a two-headed ogre
 10119 | D:10     | Killed a two-headed ogre
 10263 | D:10     | Found a basalt altar of Yredelemnul.
 10387 | D:10     | Found a shimmering blue altar of Sif Muna.
 10484 | D:10     | Reached skill level 10 in Air Magic
 10532 | D:10     | Found a sacrificial altar of Ru.
 10545 | D:11     | Noticed a skeletal warrior
 10548 | D:11     | Noticed a skeletal warrior
 10548 | D:11     | Reached *** piety under the Shining One
 10550 | D:11     | Noticed a skeletal warrior
 10686 | D:11     | Learned a level 4 spell: Summon Lightning Spire
 10728 | D:11     | Noticed a cyclops
 10731 | D:11     | Killed a cyclops
 10732 | D:11     | Reached skill level 1 in Summonings
 10859 | D:11     | Noticed a two-headed ogre
 11040 | D:11     | Found a staircase to the Lair.
 11042 | D:11     | Noticed Grum
 11228 | D:11     | Reached skill level 5 in Summonings
 11307 | D:11     | Learned a level 2 spell: Static Discharge
 11460 | D:11     | Killed Grum
 11465 | D:11     | Killed a two-headed ogre
 11524 | D:11     | Reached skill level 1 in Conjurations
 11633 | D:11     | Killed a skeletal warrior
 11773 | D:11     | Slain by a skeletal warrior

Illustrated notes

Levels and vault maps discovered:
D:1:      tekkud_arrival_beachfront_property, layout_rooms,
          dreamdust_ecumenical_altar_angels_and_demons, serial_shops,
          nicolae_square_shop
D:2:      layout_loops_ring, basic_altar, uniq_natasha
D:3:      layout_basic, grunt_gozag_breadcrumbs, wad_orctagon, uniq_jessica
D:4:      layout_loops_corners, uniq_eustachio, uniq_sigmund
D:5:      layout_basic, mainiacjoe_overflow_24_doors, minmay_temple_entry_grid,
          corexii_hall_statues_x, uniq_blork_the_orc
D:6:      layout_loops_corners, portal_sewer_entry_a, palyth_stone_intersect,
          uniq_menkaure, uniq_duvessa
D:7:      layout_basic, minmay_parallelograms, minivault_5,
          amcnicky_mini_corridor_feature, chequers_serial_rivers_small_a
D:8:      layout_gridville, nicolae_overflow_crystal_walls, enter_bailey_6,
          chequers_serial_rivers_micro_b
D:9:      layout_rooms, nicolae_straight_to_the_point
D:10:     layout_roguey, grunt_temple_overflow_lords_of_destruction, tgw_sif,
          nicolae_ru_the_path_less_chosen, nicolae_overflow_hidden_temple,
          st_stairs_14
D:11:     layout_loops_ring, erik_lair_island, minmay_misc_feat_iff, uniq_grum
Temple:   hellmonk_temple_rainy

Skill      XL: |  1  2  3  4  5  6  7  8  9 10 11 |
---------------+----------------------------------+-----
Fighting       | 3 4 5 6 7 8 |  8.0
Short Blades   | 3 4 |  4.0
Throwing       | 3 4 5 |  5.0
Invocations    | 1 3 |  3.0
Dodging        | 2 4 |  4.0
Shields        | 3 5 |  5.0
Spellcasting   | 3 6 |  6.5
Air Magic      | 5 8 10 | 10.0
Evocations     | 4 |  4.0
Summonings     | 6 |  6.0
Conjurations   | 2 |  2.0
Stealth        | |  5.3

Action                     |  1- 3 |  4- 6 |  7- 9 | 10-12 || total
---------------------------+-------+-------+-------+-------++-------
  Melee: Dagger            |    46 |    37 |   146 |       ||   229
         Tentacles         |    16 |     5 |    81 |    13 ||   115
         Constrict         |    17 |    13 |    52 |     2 ||    84
         Punch             |       |       |     5 |       ||     5
         Short sword       |       |       |    92 |    28 ||   120
         Staff             |       |       |       |    10 ||    10
  Throw: Dart              |     4 |     4 |    27 |     2 ||    37
         Javelin           |       |     9 |    11 |       ||    20
         Boomerang         |       |       |    10 |       ||    10
   Cast: Airstrike         |       |       |       |   204 ||   204
         Shock             |       |       |       |     2 ||     2
 Invoke: Divine Shield     |       |       |     6 |       ||     6
    Use: Scroll            |       |     5 |     8 |     5 ||    18
         Potion            |       |       |     2 |       ||     2
   Stab: Sleeping          |     4 |       |       |       ||     4
 Armour: Skin              |     3 |     3 |     7 |       ||    13
  Dodge: Dodged            |    19 |    20 |   109 |    29 ||   177
  Block: Other             |       |       |     5 |       ||     5
         Buckler           |       |       |    63 |    34 ||    97
         Reflection        |       |       |     4 |     6 ||    10

Table legend: (Time is in decaauts)
 A = Elapsed time spent in this place.
 B = Non-inter-level travel time spent in this place.
 C = Inter-level travel time spent in this place.
 D = Time resting spent in this place.
 E = Time spent auto-exploring this place.
 F = Levels seen in this place.
 G = Mean time per level.
                   A        B        C        D        E       F      G
               +--------+--------+--------+--------+--------+-----+--------+
         Total |  11704 |  10702 |   1002 |    982 |   7455 |  13 |  900.3 |
       Dungeon |  11201 |  10209 |    992 |    847 |   7247 |  11 | 1018.3 |
        Temple |     19 |      9 |     10 |      0 |      0 |   1 |   19.0 |
        Bailey |    483 |    483 |      0 |    135 |    208 |   1 |  483.0 |
               +--------+--------+--------+--------+--------+-----+--------+

Top non-repeatable levels by time:
     D:6: 1518 daAuts
     D:5: 1307 daAuts
     D:8: 1220 daAuts
     D:7: 1112 daAuts
     D:4: 1092 daAuts
     D:9: 1029 daAuts
    D:11: 1012 daAuts
    D:10: 798 daAuts
     D:3: 748 daAuts
     D:1: 693 daAuts
     D:2: 668 daAuts
  Bailey: 483 daAuts
  Temple: 19 daAuts
